 Dungeon Crawl Stone Soup version 0.15.0-18-g9076a4f (webtiles) character file.

77 MackTheKnife the Ruinous (level 4, 0/30 HPs)
             Began as a Human Conjurer on Sept 6, 2014.
             Succumbed to an adder's poison
             ... on Level 1 of the Dungeon.
             The game lasted 00:05:23 (2188 turns).

MackTheKnife the Ruinous (Human Conjurer)           Turns: 2188, Time: 00:05:24

HP   0/30        AC  2     Str  8      XL: 4   Next: 60%
MP   1/9         EV 14     Int 17      God:
Gold 58          SH  0     Dex 13      Spells:  2 memorised,  6 levels left

rFire  . . .     SeeInvis .     h - +0 whip
rCold  . . .     Clarity  .     a - +0 robe
rNeg   . . .     rCorr    .     (no shield)
rPois  .         rRot     .     (no helmet)
rElec  .         Spirit   .     (no cloak)
SustAb .         Warding  .     (no gloves)
rMut   .         Stasis   .     (no boots)
Gourm  .                        (no amulet)
MR     .....                    (no ring)
                                g - +2 ring of evasion

@: lethally poisoned, not resistant to hostile enchantments, unstealthy
A: no striking features
a: no special abilities


You were on level 1 of the Dungeon.
You were not hungry.

You visited 1 branch of the dungeon, and saw 2 of its levels.

You collected 58 gold pieces.


   Skills:
 - Level 2.0 Dodging
 - Level 2.0 Stealth
 + Level 3.2 Spellcasting
 + Level 4.9 Conjurations


You had 6 spell levels left.
You knew the following spells:

 Your Spells              Type           Power        Failure   Level  Hunger
x - Searing Ray           Conj           ###...       3%          2    ##.....
z - Magic Dart            Conj           ###.         2%          1    None

Inventory:

Hand weapons
 h - a +0 whip (weapon)
Armour
 a - a +0 robe (worn)
Comestibles
 b - a bread ration
 f - a slice of pizza
 j - a chunk of adder flesh {@*1}
Jewellery
 g - a +2 ring of evasion (left hand)
 i - an uncursed ring of protection from fire {unknown}
Books
 c - a book of Conjurations

   Spells                             Type                      Level
   *Magic Dart                        Conjuration                  1
   *Searing Ray                       Conjuration                  2
   Dazzling Spray                     Conjuration/Hexes            3
   Fulminant Prism                    Conjuration/Hexes            4
   Iskenderun's Mystic Blast          Conjuration                  4
   Iskenderun's Battlesphere          Conjuration/Charms           5

▒ ▒▒▒▒▒▒▒▒▒▒▒▒▒▒▒▒▒▒
···············Sp▒
▒··············▒)▒
▒▒·▒▒············▒
···············▒▒▒▒▒▒▒▒▒▒▒▒
▒···▒···········%·((()····▒
▒▒▒·············▒▒▒▒▒▒▒▒▒·▒
··▒▒▒·▒·▒·▒▒▒·▒·▒ ▒·▒
···▒▒···▒·····▒·▒ ▒·▒
···▒▒·▒·▒▒▒▒▒▒▒·▒ ▒▒▒·▒▒▒▒▒


You could see an adder.


Message History

* * * LOW HITPOINT WARNING * * *
You are more poisoned.
The adder poisons you!
Aiming: Magic Dart
Aim: Terence, wielding a short sword and wearing a chain mail (almost dead)
The magic dart hits Terence.
Terence is almost dead.
You feel sick. Terence hits you with a short sword.
* * * LOW HITPOINT WARNING * * *
The adder misses you.
Unknown command.
You barely miss Terence.
Terence is almost dead.
* * * LOW HITPOINT WARNING * * *
You feel sick. The adder misses you. Terence barely misses you.
The adder bites you.
* * * LOW HITPOINT WARNING * * *
Unknown command.
You hit Terence but do no damage.
Terence is almost dead.
* * * LOW HITPOINT WARNING * * *
You feel sick. Terence misses you. The adder bites you but does no damage.
You hit Terence.
Terence is almost dead.
* * * LOW HITPOINT WARNING * * *
You feel sick. The adder barely misses you.
Terence hits you but does no damage. The adder barely misses you.
You hit Terence.
You kill Terence!
You die...

Action                   |  1- 3 |  4- 6 || total
-------------------------+-------+-------++-------
Melee: Club              |     6 |       ||     6
       Unarmed           |     4 |       ||     4
       Short sword       |    17 |       ||    17
       Dagger            |    12 |       ||    12
       Whip              |    12 |    15 ||    27
 Cast: Magic Dart        |    50 |    13 ||    63
       Searing Ray       |     5 |     4 ||     9
  Use: Scroll            |       |     2 ||     2
       Potion            |       |     1 ||     1
 Stab: Sleeping          |     2 |       ||     2
  Eat: Chunk             |     2 |     1 ||     3
       Pizza             |       |     1 ||     1

Vault maps used:
D:1:      dpeg_arrival_arbitrary_b, minmay_misc_feat_diagonals,
          minmay_misc_feat_tiny
D:2:      minmay_goblin_outpost, uniq_terence

Notes
Turn   | Place    | Note
--------------------------------------------------------------
     0 | D:1      | MackTheKnife, the Human Conjurer, began the quest for the Orb.
     0 | D:1      | Reached XP level 1. HP: 13/13 MP: 3/3
   239 | D:1      | Reached XP level 2. HP: 13/19 MP: 0/4
   420 | D:1      | Learned a level 2 spell: Searing Ray
   855 | D:1      | Reached XP level 3. HP: 15/24 MP: 4/6
  1844 | D:2      | Reached skill level 3 in Spellcasting
  1844 | D:2      | Reached XP level 4. HP: 30/30 MP: 2/9
  2165 | D:2      | Noticed Terence
  2185 | D:1      | HP: 3/30 [adder (4)]
  2187 | D:1      | HP: 1/30 [poisoned by an adder]
  2188 | D:1      | Killed Terence
  2188 | D:1      | Succumbed to an adder's poison

Vanquished Creatures
  Terence (D:1)
  2 adders (D:2)
  3 giant geckos (D:1)
  An ooze (D:2)
  9 bats (D:1)
  5 hobgoblins
  3 jackals (D:2)
  6 kobolds
  A quokka (D:2)
  3 giant cockroaches
  A giant newt (D:2)
  5 goblins
  2 rats
42 creatures vanquished.
